 Dungeon Crawl Stone Soup version 0.29-a0-1065-g47a6bb87d6 (webtiles) character file.

Game seed: 10993110813176205113

1855 slphil the Covert (level 8, -1/37 HPs)
             Began as a Spriggan Artificer on Aug 18, 2022.
             Was an Initiate of Gozag.
             Killed from afar by an electric eel (11 damage)
             ... with a bolt of electricity
             ... on level 6 of the Dungeon.
             The game lasted 00:23:00 (9520 turns).

slphil the Covert (Spriggan Artificer)              Turns: 9520, Time: 00:23:01

Health: -1/37      AC:  2    Str:  8    XL:     8   Next: 89%
Magic:  18/18      EV: 21    Int: 16    God:    Gozag
Gold:   536        SH:  9    Dex: 17    Spells: 7/7 levels left

rFire   . . .      SeeInvis +   w - +4 rapier of the Original Sin {vorpal, rCorr Int+3}
rCold   . . .      Faith    +   r - +3 buckler {reflect}
rNeg    . . .      Spirit   .   x - +0 robe
rPois   +          Reflect  +   (helmet restricted)
rElec   .          Harm     .   (no cloak)
rCorr   +          Rampage  .   (gloves unavailable)
Will    +....                   (boots unavailable)
Stlth   ++++......              v - amulet of faith
HPRegen 0.12/turn               g - ring of poison resistance
MPRegen 0.16/turn               h - ring of magical power

@: very quick
A: very small, no large weapons, unfitting armour, see invisible, speed 3
a: Renounce Religion, Potion Petition, Call Merchant, Bribe Branch


You were on level 6 of the Dungeon.
You worshipped Gozag.
Gozag was pleased with you.
You visited 2 branches of the dungeon, and saw 7 of its levels.

You collected 628 gold pieces.
You paid 92 gold pieces to Gozag.

Inventory:

Hand Weapons
 a - a +2 short sword of venom
 b - a +2 short sword of holy wrath
 w - the +4 rapier of the Original Sin (weapon) {vorpal, rCorr Int+3}
   (You found it on level 5 of the Dungeon)

   It inflicts extra damage upon your enemies.
   Int:       It affects your intelligence (+3).
   rCorr:     It protects you from acid and corrosion.
Missiles
 n - 2 throwing nets
Armour
 r - a +3 buckler of reflection (worn)
 x - a +0 robe (worn)
Jewellery
 g - a ring of poison resistance (left hand)
 h - a ring of magical power (right hand)
 v - an amulet of faith (around neck)
Wands
 c - a wand of flame (2) (quivered)
 d - a wand of charming (15)
 e - a wand of iceblast (1)
Scrolls
 f - a scroll of fear {unknown}
 i - 4 scrolls of teleportation
 j - 2 scrolls of torment
 k - 2 scrolls of immolation
 l - a scroll of poison {unknown}
 m - 2 scrolls of identify
 q - a scroll of enchant weapon {unknown}
 t - a scroll of blinking
 y - a scroll of amnesia {unknown}
Potions
 o - a potion of cancellation
 p - 2 potions of might
 s - a potion of magic {unknown}
 u - a potion of mutation {unknown}
 z - a potion of flight


   Skills:
 + Level 1.6 Fighting
 * Level 7.0 Short Blades
 - Level 8.0 Dodging
 - Level 9.0 Stealth
 + Level 1.1 Shields
 - Level 7.0 Evocations


You had 7 spell levels left.
You didn't know any spells.
Your spell library contained the following spells:

 Spells                   Type           Power      Damage    Failure   Level
 Shock                    Conj/Air       0%         1d3       47%         1
 Gell's Gravitas          Tloc           0%         N/A       85%         3
 Ignite Poison            Fire/Tmut/Pois 0%         N/A       85%         3
 Lesser Beckoning         Tloc           0%         N/A       85%         3
 Mephitic Cloud           Conj/Pois/Air  0%         N/A       85%         3
 Swiftness                Air            0%         N/A       85%         3
 Teleport Other           Tloc           0%         N/A       85%         3
 Airstrike                Air            0%         2d(0-16)  99%         4
 Freezing Cloud           Conj/Ice/Air   0%         6-21      100%        5


Dungeon Overview and Level Annotations

Branches:
Dungeon (6/15)             Temple (1/1) D:4

Altars:
Ashenzari
Cheibriados
Elyvilon
Fedhas
Gozag
Hepliaklqana
Kikubaaqudgha
Nemelex Xobeh
Okawaru
Qazlal
Ru
Trog
Uskayaw
Wu Jian
Zin
The Shining One

Shops:
D:1 ?   D:4 [

Annotations:
D:5 2 transporters, drugrobin's ghost, novice DgDe
D:6 3 runed translucent doors, Blork the orc


Innate Abilities, Weirdness & Mutations

You are very small and have problems with some larger weapons.
You are too small for most types of armour.
You have supernaturally acute eyesight. (SInv)
You cover ground extremely quickly. (Speed+++)


Message History

The shadow imp is heavily wounded.
The quokka completely misses you. The shadow imp hits you.
You block the shadow imp's attack. The quokka completely misses you.
You hit Eustachio.
You kill Eustachio!
The shadow imp disappears in a puff of smoke! x2
The quokka disappears in a puff of smoke!
Your Short Blades skill increases to level 7!
Your Shields skill increases to level 1!
Unknown command.
You now have 496 gold pieces (gained 7).
u - a smoky amethyst potion
Things that are here:
a +0 rapier; a +3 leather armour of positive energy The white imp shouts, "Go and return not, thou tottering bat-fowling boar-pig!"
You hear a shout!
You now have 507 gold pieces (gained 11).
You now have 522 gold pieces (gained 15).
You now have 528 gold pieces (gained 6).
You now have 536 gold pieces (gained 8).
There is an escape hatch in the floor here.
You open the door.
Blork the orc comes into view.
He is wielding a +0 long sword.
There is an open door here.
An electric eel comes into view.
The electric eel shoots out a bolt of lightning at you!
The bolt of electricity misses you.
Found a scroll of immolation.
Blork the orc shouts!
You hit Blork the orc.
Blork the orc is moderately wounded.
The electric eel shoots out a bolt of lightning at you!
The bolt of electricity hits you!
Blork the orc hits you with a +0 long sword!
* * * LOW HITPOINT WARNING * * *
The electric eel shoots out a bolt of lightning at you!
The bolt of electricity hits you!
You die...
Your body crumbles into a pile of gold.

#..##..).....#.~~~~?#
#.5#.###..###.~≈≈≈.#
#..#......# #.~≈≈S.#
#..#.##..## #.~≈≈~.#
##..##.##..# #.~≈~~.#
##...#...##.# #.≈≈≈~.#
....##.#....# #o~≈≈~.#
....#..#.##.# #.~≈≈≈.#
...##.....#.####@~≈≈~.#
+###...##......#.~≈≈~.#
.......####.#..#.~≈≈~.#
...<##.# ##....#.~~≈~.#
...###.# #....>#......#
...# #.# #.....####'###
#### #.# #....>.....#
#.# ############ #.#


You could see Blork the orc and an electric eel.

Vanquished Creatures
  Eustachio (D:6)
  A water moccasin (D:6)
  A centaur (D:5)
  4 phantoms
  A kobold brigand (D:3)
  A bullfrog (D:6)
  3 scorpions
  3 howler monkeys
  A jelly (D:5)
  4 hounds
  2 orc priests
  A gnoll bouda (D:3)
  4 iguanas
  3 orc wizards
  19 gnolls
  An adder (D:5)
  A shadow imp (D:5)
  A white imp (D:5)
  A worm (D:2)
  35 orcs
  7 bats
  11 endoplasms
  4 giant cockroaches
  5 goblins
  8 hobgoblins
  21 jackals
  6 kobolds
  5 quokkas
  7 ball pythons
  A frilled lizard (D:1)
  7 rats
170 creatures vanquished.

Vanquished Creatures (others)
  A plant (D:3)
1 creature vanquished.

Grand Total: 171 creatures vanquished

Notes
Turn   | Place    | Note
-------+----------+-------------------------------------------
     0 | D:1      | slphil the Spriggan Artificer began the quest for the Orb.
     0 | D:1      | Reached XP level 1. HP: 9/9 MP: 2/2
   174 | D:1      | Reached skill level 2 in Stealth
   174 | D:1      | Reached XP level 2. HP: 14/14 MP: 3/3
   234 | D:1      | Found a faded altar of an unknown god.
   303 | D:1      | Found Gyeploixt's Magic Scroll Boutique.
   724 | D:1      | Reached skill level 3 in Stealth
  1006 | D:1      | Reached XP level 3. HP: 17/17 MP: 4/4
  1462 | D:2      | Found a sparkling altar of Nemelex Xobeh.
  2345 | D:2      | Noticed a necrophage
  2895 | D:2      | Reached skill level 1 in Short Blades
  2930 | D:3      | Reached skill level 5 in Evocations
  2930 | D:3      | Reached XP level 4. HP: 15/21 MP: 5/5
  3416 | D:3      | Reached skill level 4 in Stealth
  3695 | D:3      | Reached XP level 5. HP: 25/25 MP: 6/6
  4258 | D:3      | Reached skill level 5 in Dodging
  4258 | D:3      | Reached XP level 6. HP: 24/29 MP: 7/7
  4392 | D:3      | Reached skill level 5 in Stealth
  4424 | D:3      | HP: 1/29 [gnoll/+0 flail (11)]
  5351 | D:3      | Reached XP level 7. HP: 30/32 MP: 8/8
  5801 | D:4      | Found Hekiff's Antique Armour Emporium.
  5822 | D:4      | Found a staircase to the Ecumenical Temple.
  5831 | Temple   | Entered the Ecumenical Temple
  6215 | D:4      | Found a blossoming altar of Fedhas.
  6348 | D:4      | Found a hide-covered altar of Uskayaw.
  6471 | D:4      | Reached skill level 6 in Stealth
  6637 | D:4      | Found an ornate altar of the Wu Jian Council.
  6708 | D:4      | Reached skill level 5 in Short Blades
  6897 | D:4      | Found a sparkling altar of Nemelex Xobeh.
  6926 | D:4      | Found an opulent altar of Gozag.
  6936 | D:4      | Became a worshipper of Gozag Ym Sagoz the Greedy
  7538 | D:5      | Entered Level 5 of the Dungeon
  7556 | D:5      | Found a transporter.
  7556 | D:5      | Found an iron altar of Okawaru.
  7817 | D:5      | Found a stormy altar of Qazlal.
  7825 | D:5      | Found a transporter.
  7861 | D:5      | Reached XP level 8. HP: 37/37 MP: 9/9
  7910 | D:5      | Reached skill level 7 in Stealth
  8349 | D:5      | Identified the +4 rapier of the Original Sin {vorpal, rCorr
                  | Int+3}
  8520 | D:5      | Reached skill level 8 in Stealth
  8831 | D:5      | Noticed drugrobin's ghost (novice DgDe)
  8839 | D:5      | Noticed a toenail golem
  8861 | D:6      | Found a runed translucent gate.
  8861 | D:6      | Found a runed translucent gate.
  8861 | D:6      | Found a runed translucent gate.
  8875 | D:6      | Noticed Eustachio
  9210 | D:6      | Reached skill level 9 in Stealth
  9248 | D:6      | Reached skill level 1 in Fighting
  9333 | D:6      | Killed Eustachio
  9334 | D:6      | Reached skill level 1 in Shields
  9511 | D:6      | Noticed Blork the orc
  9520 | D:6      | Killed from afar by an electric eel

Illustrated notes

Levels and vault maps discovered:
D:1:      heliophobic_arrival_battle_scene, layout_basic, serial_shops,
          shop_fountains, dilly_ecumenical_altar_fadedgnrine
D:2:      layout_loops_ring, basic_altar, minmay_misc_feat_tower
D:3:      lemuel_castle_with_subvaults [lemuel_castle_interior_carwin_1],
          layout_rooms
D:4:      layout_cave_pods, eat_drink_and_be_merry_uskayaw,
          mainiacjoe_overflow_concentric_impassable,
          mainiacjoe_overflow_catch_the_wave, general_overflow_altar,
          minmay_temple_entry_mist, serial_shops, shop, hangedman_decor_growths,
          small_statue_intersection
D:5:      layout_loops_cross, overflow_temple_1_default,
          overflow_temple_1_default, gammafunk_ghost_abyssal_escape,
          minmay_fractal_squares_gapless_5
D:6:      layout_basic, serial_shops, nicolae_shop_waterfront,
          gammafunk_ghost_icy, nrook_pool_corridor, uniq_eustachio,
          uniq_blork_the_orc, uniq_pikel
Temple:   compressed_dpeg_triangle_lava_temple

Skill      XL: |  1  2  3  4  5  6  7  8 |
---------------+-------------------------+-----
Stealth        | 2 3 4 5 6 9 |  9.0
Dodging        | 4 5 6 8 |  8.0
Short Blades   | 1 2 3 4 5 7 |  7.0
Evocations     | 5 6 7 |  7.0
Fighting       | 1 |  1.6
Shields        | 1 |  1.1

Action                   |  1- 3 |  4- 6 |  7- 9 || total
-------------------------+-------+-------+-------++-------
Melee: Short sword       |   131 |   164 |   153 ||   448
       Rapier            |       |       |    80 ||    80
Evoke: Wand              |     3 |     8 |     6 ||    17
  Use: Scroll            |       |       |    11 ||    11
       Potion            |       |       |     1 ||     1
 Stab: Sleeping          |    13 |     1 |    11 ||    25
       Distracted        |       |       |     3 ||     3
Armor: Robe              |    12 |    10 |     7 ||    29
Dodge: Dodged            |    92 |   105 |   139 ||   336
Block: Buckler           |    10 |    50 |    72 ||   132
       Reflection        |       |     2 |     1 ||     3

Table legend: (Time is in decaauts)
 A = Elapsed time spent in this place.
 B = Non-inter-level travel time spent in this place.
 C = Inter-level travel time spent in this place.
 D = Time resting spent in this place.
 E = Time spent auto-exploring this place.
 F = Levels seen in this place.
 G = Mean time per level.
                   A        B        C        D        E       F      G
               +--------+--------+--------+--------+--------+-----+--------+
         Total |   7639 |   7413 |    226 |   1328 |   4592 |   7 | 1091.3 |
       Dungeon |   7428 |   7211 |    217 |   1328 |   4437 |   6 | 1238.0 |
        Temple |    211 |    203 |      8 |      0 |    154 |   1 |  211.0 |
               +--------+--------+--------+--------+--------+-----+--------+

Top non-repeatable levels by time:
     D:2: 1844 daAuts
     D:3: 1643 daAuts
     D:1: 1255 daAuts
     D:5: 1188 daAuts
     D:4: 1172 daAuts
     D:6: 323 daAuts
  Temple: 211 daAuts
